Map: 永恒梦境-天梯版

Players

JieShi - Winner!

  • Race: Protoss Protoss
  • League: Master

iGXiGua (XiGua)

  • Race: Zerg Zerg

Event: DreamHack SC2 Masters 2020 Fall

VOD

Have the link to the VOD?

Description

Time

  • Played on: Sept. 5, 2020, 8:44 a.m.
  • Length: 39:56

All games in this series

Show
View Real Time Build Order
Export as new Build Order

JieShi Protoss - Winner!

Build Orders: 1 Gate Expand, Oracle Opening 

Get SALT Encoding   

  12  0:00  Probe  
  13  0:12  Probe  
  14  0:18  Pylon  
  14  0:24  Probe (Chrono Boost)  
  15  0:36  Probe (Chrono Boost)  
  15  0:39  Gateway  
  16  0:44  Probe (Chrono Boost)  
  16  0:48  Assimilator  
  17  0:51  Probe  
  18  1:03  Probe  
  19  1:15  Probe  
  20  1:23  Nexus  
  20  1:32  Cybernetics Core  
  20  1:35  Probe  
  21  1:40  Assimilator  
  21  1:47  Probe  
  21  1:50  Pylon  
  22  1:59  Probe  
  23  2:09  Stargate  
  23  2:11  Adept (Chrono Boost), Probe  
  26  2:24  Warp Gate, Probe (Chrono Boost)  
  27  2:33  Adept  
  27  2:35  Probe (Chrono Boost)  
  31  2:41  Probe (Chrono Boost)  
  32  2:44  Probe (Chrono Boost)  
  32  2:48  Probe (Chrono Boost)  
  32  2:49  Probe (Chrono Boost)  
  33  2:51  Oracle (Chrono Boost)  
  37  3:00  Probe  
  37  3:01  Probe  
  39  3:13  Probe x2  
  39  3:16  Void Ray (Chrono Boost)  
  41  3:20  Pylon  
  41  3:25  Probe  
  46  3:28  Gateway  
  46  3:38  Probe  
  46  3:39  Assimilator, Pylon  
  47  3:42  Assimilator, Probe  
  48  3:50  Probe  
  48  3:54  Probe  
  50  3:56  Nexus  
  50  4:00  Pylon  
  50  4:04  Probe (Chrono Boost)  
  52  4:12  Probe (Chrono Boost)  
  52  4:15  Probe (Chrono Boost)  
  53  4:19  Shield Battery  
  53  4:20  Probe x2 (Chrono Boost)  
  53  4:23  Void Ray (Chrono Boost)  
  55  4:30  Probe x2  
  61  4:31  Stargate  
  61  4:41  Zealot  
  61  4:42  Probe  
  61  4:43  Probe  
  65  4:47  Pylon  
  65  4:54  Pylon  
  65  4:55  Probe x2  
  67  5:00  Void Ray (Chrono Boost)  
  71  5:09  Stargate, Probe (Chrono Boost)  
  71  5:10  Pylon  
  74  5:14  Pylon  
  74  5:16  Probe (Chrono Boost)  
  74  5:17  Probe (Chrono Boost)  
  74  5:18  Probe (Chrono Boost)  
  75  5:23  Probe x3 (Chrono Boost)  
  78  5:39  Probe x2  
  81  5:42  Probe  
  81  5:45  Phoenix (Chrono Boost), Assimilator  
  81  5:47  Phoenix (Chrono Boost)  
  81  5:49  Assimilator  
  85  5:50  Forge  
  85  5:54  Probe  
  88  5:59  Pylon  
  88  6:00  Phoenix (Chrono Boost)  
  88  6:01  Gateway, Probe  
  88  6:02  Probe  
  90  6:07  Probe  
  90  6:08  Phoenix (Chrono Boost)  
  90  6:09  Phoenix (Chrono Boost)  
  95  6:12  Pylon  
  95  6:19  Probe  
  95  6:20  Phoenix (Chrono Boost)  
  98  6:26  Fleet Beacon  
  102  6:32  Pylon  
  102  6:33  Probe x2  
  102  6:36  Photon Cannon  
  104  6:43  Void Ray x3, Protoss Air Weapons Level 1  
  106  6:48  Twilight Council  
  110  7:07  Unknown  
  108  7:20  Void Ray x3  
  108  7:22  Photon Cannon  
  108  7:23  Shield Battery  
  108  7:25  Nexus, Pylon  
  108  7:27  Charge (Chrono Boost)  
  108  7:28  Unknown  
  120  7:30  Photon Cannon  
  120  7:45  Nexus  
  120  7:51  Photon Cannon x2  
  120  7:53  Shield Battery  
  120  7:55  Shield Battery  
  120  7:57  Void Ray x3  
  129  8:06  Photon Cannon, Pylon  
  129  8:09  Shield Battery  
  129  8:18  Probe  
  129  8:19  Probe x2  
  132  8:22  Shield Battery  
  132  8:25  Photon Cannon  
  132  8:27  Shield Battery  
  132  8:30  Shield Battery, Probe  
  132  8:31  Probe x2  
  135  8:34  Void Ray x3  
  147  8:54  Pylon  
  147  8:56  Mothership (Chrono Boost), Pylon  
  147  8:57  Probe (Chrono Boost)  
  147  9:02  Pylon  
  156  9:08  Probe (Chrono Boost)  
  157  9:10  Gateway  
  157  9:11  Void Ray x2  
  157  9:12  Gateway  
  157  9:14  Zealot x3, Gateway, Probe (Chrono Boost)  
  174  9:31  Probe (Chrono Boost)  
  174  9:32  Templar Archives, Probe (Chrono Boost)  
  174  9:33  Probe (Chrono Boost)  
  173  9:42  Probe (Chrono Boost)  
  172  9:48  Probe (Chrono Boost)  
  172  9:51  Void Ray x2  
  172  9:52  Void Ray  
  173  9:56  Stargate  
  185  10:00  Zealot x2  
  185  10:01  Zealot, Pylon  
  191  10:08  Zealot x2  
  191  10:17  Pylon  
  191  10:18  Pylon  
  191  10:21  Pylon  
  171  10:25  Probe x2  
  171  10:27  Probe  
  167  10:28  Void Ray (Chrono Boost)  
  167  10:29  Void Ray (Chrono Boost)  
  167  10:30  Void Ray (Chrono Boost)  
  163  10:43  Pylon  
  163  10:45  Shield Battery  
  163  10:46  Photon Cannon  
  163  10:47  Void Ray (Chrono Boost)  
  163  10:48  Protoss Air Weapons Level 2 (Chrono Boost), Shield Battery  
  155  10:57  Zealot x2  
  145  10:59  Probe  
  145  11:00  Probe  
  145  11:02  Void Ray (Chrono Boost)  
  145  11:03  Void Ray (Chrono Boost)  
  145  11:04  Probe (Chrono Boost)  
  145  11:06  Zealot  
  156  11:18  Carrier (Chrono Boost)  
  161  11:22  Carrier (Chrono Boost)  
  161  11:23  Psionic Storm  
  161  11:24  Zealot  
  161  11:25  Zealot x4  
  177  11:27  Mothership (Chrono Boost)  
  187  11:32  Void Ray  
  187  11:33  Probe (Chrono Boost)  
  187  11:35  Probe (Chrono Boost)  
  187  11:37  Zealot  
  193  11:41  Void Ray  
  195  11:58  Photon Cannon  
  195  11:59  Shield Battery  
  194  12:13  Pylon  
  186  12:16  Void Ray x2  
  186  12:18  Pylon  
  186  12:24  High Templar, Pylon  
  186  12:26  Pylon  
  186  12:29  Photon Cannon  
  188  12:30  Photon Cannon  
  188  12:32  Photon Cannon  
  188  12:33  Zealot  
  188  12:34  Shield Battery  
  188  12:35  Zealot x2  
  188  12:36  Zealot  
  196  12:37  High Templar  
  194  12:57  Protoss Shields Level 1 (Chrono Boost)  
  190  13:04  Photon Cannon  
  190  13:05  High Templar, Protoss Air Weapons Level 3 (Chrono Boost)  
  190  13:06  High Templar x4  
  190  13:12  Pylon  
  198  13:14  Shield Battery  
  198  13:15  Shield Battery  
  198  13:16  Pylon  
  198  13:17  Photon Cannon  
  198  13:24  Zealot  
  200  13:36  Nexus  
  200  13:38  Photon Cannon  
  200  13:39  Shield Battery  
  200  13:41  Photon Cannon  
  200  13:47  Stargate, Pylon  
  200  13:50  Stargate  
  200  13:52  Gateway  
  200  13:54  Gateway  
  200  14:03  Photon Cannon  
  200  14:05  Pylon  
  200  14:07  Photon Cannon  
  200  14:08  Pylon  
  200  14:13  Photon Cannon  
  200  14:15  Shield Battery  
  200  14:18  Photon Cannon  
  200  14:21  Pylon  
  200  14:23  Pylon  
  200  14:30  Photon Cannon  
  200  14:32  Nexus  
  200  14:36  Pylon  
  199  14:44  Assimilator  
  199  14:48  Assimilator  
  197  14:52  Robotics Facility  
  197  14:55  Photon Cannon  
  180  15:08  Nexus, Photon Cannon  
  180  15:09  Pylon  
  180  15:10  Oracle, Shield Battery  
  180  15:12  High Templar x3  
  180  15:13  High Templar x3  
  195  15:15  High Templar  
  195  15:16  High Templar  
  195  15:17  Archon x2  
  195  15:18  Archon  
  195  15:20  Probe  
  200  15:22  Protoss Air Armor Level 1 (Chrono Boost), Archon  
  200  15:30  Photon Cannon  
  200  15:32  Photon Cannon  
  200  15:33  Shield Battery  
  200  15:36  Photon Cannon  
  198  16:02  Void Ray  
  166  16:09  Carrier  
  164  16:15  High Templar  
  164  16:16  High Templar x5  
  164  16:17  High Templar x2, Mothership (Chrono Boost)  
  172  16:37  Void Ray  
  172  16:39  Archon  
  157  16:40  Archon  
  157  16:41  Archon x3  
  157  16:43  Carrier  
  133  17:03  Void Ray  
  133  17:04  Zealot x3  
  133  17:05  Zealot x4  
  133  17:06  Zealot  
  135  17:25  Zealot x2, High Templar x2  
  135  17:27  Probe (Chrono Boost)  
  135  17:29  Archon  
  144  17:30  High Templar  
  144  17:34  Void Ray  
  144  17:36  Probe (Chrono Boost)  
  143  17:41  Probe (Chrono Boost)  
  142  18:02  Zealot x2, High Templar x2  
  142  18:03  Zealot, Probe (Chrono Boost)  
  153  18:11  High Templar, Probe (Chrono Boost)  
  153  18:14  Probe (Chrono Boost)  
  153  18:18  Probe (Chrono Boost)  
  156  18:20  Probe x3 (Chrono Boost)  
  157  18:27  Void Ray (Chrono Boost)  
  157  18:28  Void Ray (Chrono Boost)  
  156  18:36  Void Ray (Chrono Boost)  
  156  18:38  Void Ray (Chrono Boost)  
  152  18:57  Photon Cannon  
  152  19:04  Zealot x2, Protoss Air Armor Level 2 (Chrono Boost)  
  156  19:14  High Templar  
  156  19:15  Zealot  
  156  19:16  Zealot  
  162  19:17  Observer (Chrono Boost)  
  163  19:29  Nexus  
  163  19:30  Shield Battery, Observer (Chrono Boost)  
  163  19:32  Photon Cannon  
  163  19:33  Zealot x2  
  163  19:38  Void Ray  
  168  19:40  Dark Shrine  
  168  19:50  Shield Battery  
  168  19:52  Pylon  
  168  19:57  Zealot x4  
  168  19:58  Zealot  
  172  20:11  Void Ray  
  172  20:15  Void Ray  
  174  20:26  Assimilator  
  170  20:30  Assimilator  
  170  20:35  Photon Cannon  
  170  20:36  Shield Battery  
  170  20:39  Photon Cannon  
  170  20:40  Shield Battery  
  166  20:45  Shield Battery  
  166  20:48  Shield Battery  
  162  20:56  Dark Templar  
  164  21:00  Zealot x4  
  164  21:01  Zealot x3  
  178  21:06  Shield Battery  
  178  21:08  Photon Cannon  
  178  21:13  Carrier  
  182  21:18  Pylon  
  182  21:24  Dark Templar  
  180  21:37  Dark Templar  
  180  21:38  Observer  
  178  21:42  Nexus  
  178  21:43  Photon Cannon  
  178  21:45  Shield Battery  
  174  21:47  Assimilator  
  174  21:52  Assimilator  
  174  22:03  Zealot x2  
  174  22:04  Zealot x5  
  188  22:19  Zealot  
  188  22:20  Protoss Air Armor Level 3 (Chrono Boost)  
  190  22:33  Observer  
  172  22:41  Zealot x5  
  172  22:42  Zealot x3  
  184  22:49  Protoss Shields Level 2 (Chrono Boost)  
  184  22:52  Shield Battery  
  184  22:53  Observer (Chrono Boost)  
  184  22:55  Pylon  
  184  22:56  Void Ray  
  184  22:58  Void Ray  
  184  23:19  Probe (Chrono Boost)  
  175  23:29  Probe (Chrono Boost)  
  175  23:30  Shield Battery  
  171  23:34  Mothership (Chrono Boost)  
  175  23:44  Zealot x4  
  175  23:45  Zealot x4  
  180  24:21  Void Ray  
  180  24:22  Void Ray  
  171  24:24  Zealot x4  
  171  24:26  Zealot x3  
  171  24:28  Carrier  
  193  24:45  Zealot, High Templar x2  
  199  24:49  Archon  
  199  24:59  Shield Battery  
  199  25:00  Shield Battery  
  199  25:02  Shield Battery  
  199  25:04  Shield Battery  
  199  25:05  Shield Battery  
  199  25:07  Shield Battery  
  199  25:08  Photon Cannon  
  199  25:10  Observer (Chrono Boost)  
  194  25:29  Zealot x2  
  194  25:30  Zealot, Mothership (Chrono Boost)  
  200  25:37  Void Ray x3  
  190  26:06  Zealot x2  
  190  26:07  Zealot x3  
  198  26:16  Observer (Chrono Boost)  
  183  26:33  Void Ray  
  183  26:39  Observer, Carrier  
  167  26:48  High Templar x4  
  167  26:50  Zealot  
  167  26:51  Zealot x3  
  177  27:19  High Templar x2  
  177  27:20  High Templar  
  177  27:21  High Templar  
  183  27:33  Void Ray x2  
  157  27:42  Zealot x2  
  157  27:43  Zealot x2  
  172  27:46  Archon  
  172  27:47  Archon  
  172  27:50  Observer (Chrono Boost)  
  172  27:51  Zealot, Observer  
  173  27:52  Zealot  
  173  27:53  Zealot x2  
  181  27:58  Protoss Shields Level 3 (Chrono Boost)  
  181  28:03  Observer  
  181  28:04  Gateway  
  181  28:05  Zealot x2  
  183  28:06  Zealot x2  
  183  28:10  Void Ray  
  189  28:18  Zealot x4  
  193  28:40  Zealot x4, Dark Templar  
  193  28:41  Zealot x2, Dark Templar  
  193  29:01  Mothership (Chrono Boost)  
  193  29:07  Void Ray  
  193  29:20  Zealot x2, Dark Templar  
  199  29:28  Observer  
  199  29:34  Observer  
  193  29:57  Carrier  
  199  30:14  Photon Cannon  
  199  30:16  Photon Cannon  
  199  30:18  Photon Cannon  
  199  30:21  Photon Cannon  
  199  30:23  Shield Battery, Photon Cannon  
  199  30:25  Pylon  
  198  30:34  Observer  
  198  30:39  Pylon  
  198  30:42  Protoss Ground Weapons Level 1  
  198  30:47  Gateway  
  198  30:49  Gateway  
  198  30:52  Gateway x2  
  198  30:56  Gateway  
  190  30:58  Nexus  
  190  30:59  Archon, Gateway, Pylon  
  190  31:00  Pylon  
  189  31:06  Shield Battery  
  189  31:07  Shield Battery, High Templar x2  
  189  31:08  High Templar x2  
  189  31:09  Shield Battery  
  197  31:11  Shield Battery  
  197  31:13  Shield Battery, Archon  
  197  31:14  Archon  
  197  31:15  Void Ray x2  
  196  31:20  Void Ray  
  176  31:27  Carrier  
  182  31:33  Zealot x3, High Templar  
  182  31:34  Zealot  
  188  31:42  Photon Cannon  
  188  31:44  Assimilator, Photon Cannon  
  188  31:45  Shield Battery  
  187  31:47  Zealot, High Templar, Shield Battery  
  187  31:53  Void Ray  
  191  32:01  Zealot x5  
  182  32:02  Zealot x5  
  186  32:24  High Templar x2  
  186  32:25  Zealot x2  
  190  32:42  High Templar  
  190  32:45  Assimilator  
  190  32:48  Shield Battery  
  190  32:50  Shield Battery  
  182  32:51  Shield Battery  
  182  32:53  Shield Battery  
  182  32:55  Zealot x2  
  182  32:56  Zealot x5  
  196  33:03  Shield Battery  
  196  33:06  Observer (Chrono Boost)  
  197  33:23  High Templar  
  197  33:24  High Templar x2  
  197  33:27  Pylon  
  175  33:40  Archon  
  163  33:45  Dark Templar x3  
  167  33:48  Zealot x2  
  167  33:49  Zealot x3  
  167  33:50  Zealot x3  
  167  33:51  Zealot  
  181  34:08  Mothership (Chrono Boost)  
  183  34:22  Zealot x2  
  183  34:23  Zealot x3  
  193  34:24  Protoss Ground Weapons Level 2 (Chrono Boost)  
  193  34:26  Observer (Chrono Boost)  
  192  34:49  Oracle, Observer (Chrono Boost)  
  187  35:11  High Templar  
  187  35:12  High Templar  
  185  35:15  Zealot x4  
  185  35:16  Zealot x3  
  185  35:21  Observer (Chrono Boost)  
  200  35:23  Void Ray  
  194  35:42  Zealot x3  
  197  35:47  Dark Templar x2  
  178  35:58  Zealot  
  178  35:59  Oracle, Zealot x4  
  189  36:25  Carrier  
  179  36:28  Zealot x3  
  179  36:29  Zealot  
  171  36:34  Zealot x3  
  171  36:35  Zealot x3  
  171  36:36  Observer  
  175  37:16  Void Ray  
  179  37:29  Zealot x3  
  185  37:30  Zealot x2  
  189  37:44  Observer  
  189  37:49  Tempest  
  189  37:50  Tempest  
  187  37:54  Void Ray  
  191  38:06  Pylon  
  179  38:36  Void Ray  
  179  38:39  Zealot, Dark Templar  
  179  38:40  Zealot x6  
  193  39:13  High Templar  
  193  39:23  Unknown  
  137  39:40  Zealot x3  
Show
View Real Time Build Order
Export as new Build Order

iGXiGua Zerg 

Build Orders: Hatch First 

Get SALT Encoding   

  12  0:00  Drone  
  13  0:12  Overlord  
  13  0:16  Drone  
  14  0:30  Drone x2  
  16  0:48  Hatchery  
  15  0:51  Drone  
  15  0:54  Drone  
  17  0:58  Drone  
  18  1:08  Extractor  
  17  1:13  Spawning Pool  
  17  1:17  Drone  
  17  1:20  Drone  
  18  1:28  Drone  
  19  1:39  Overlord  
  19  1:49  Drone  
  20  2:00  Queen x2  
  20  2:01  Zergling x4  
  26  2:09  Metabolic Boost  
  26  2:11  Drone x2  
  28  2:23  Drone x2  
  30  2:33  Drone x2  
  32  2:41  Hatchery  
  31  2:46  Queen  
  33  2:51  Overlord  
  33  2:55  Drone x2  
  36  2:58  Drone  
  35  3:11  Spore Crawler  
  35  3:12  Drone  
  35  3:14  Drone x4  
  35  3:15  Drone  
  40  3:23  Queen  
  40  3:24  Overlord  
  42  3:27  Drone  
  43  3:36  Overlord  
  43  3:44  Drone x3  
  43  3:46  Drone  
  43  3:47  Drone  
  47  3:51  Drone  
  47  3:54  Queen  
  47  3:55  Spore Crawler  
  49  4:00  Drone x5  
  54  4:04  Lair  
  54  4:06  Drone, Overlord  
  55  4:13  Overlord  
  55  4:14  Drone  
  55  4:15  Drone x2  
  58  4:18  Overlord  
  58  4:20  Overlord  
  58  4:26  Drone x2, Extractor  
  58  4:29  Drone  
  60  4:35  Drone x3  
  60  4:37  Drone x2  
  65  4:40  Extractor  
  65  4:41  Drone  
  65  4:42  Extractor  
  65  4:44  Spore Crawler  
  63  4:47  Drone  
  64  4:54  Zergling x10, Hatchery  
  64  4:55  Zergling x2  
  64  4:56  Drone  
  64  4:57  Drone, Evolution Chamber  
  70  5:01  Queen  
  71  5:07  Drone x2  
  71  5:08  Drone  
  71  5:10  Drone x2  
  71  5:11  Drone x2  
  78  5:19  Drone  
  78  5:20  Drone, Spire  
  80  5:21  Drone  
  80  5:22  Drone x2  
  80  5:27  Overlord  
  80  5:28  Drone x2, Extractor x2  
  84  5:31  Overlord  
  84  5:32  Zerg Melee Weapons Level 1  
  84  5:35  Drone x3  
  85  5:38  Drone x2  
  85  5:39  Drone  
  86  5:44  Pneumatized Carapace  
  86  5:50  Overseer  
  86  5:51  Overlord  
  86  5:56  Zergling x2  
  86  5:57  Zergling x8  
  91  6:06  Zergling x4  
  93  6:14  Overlord  
  93  6:19  Unknown  
  93  6:23  Drone x9  
  100  6:29  Overlord  
  100  6:32  Overlord, Zerg Flyer Weapons Level 1  
  100  6:35  Hatchery  
  100  6:38  Drone x5  
  104  6:41  Drone  
  104  6:43  Burrow  
  103  7:00  Drone x2  
  104  7:01  Drone x2  
  104  7:02  Drone  
  106  7:08  Spore Crawler  
  106  7:15  Corruptor x11  
  105  7:17  Overlord  
  105  7:18  Overlord x2  
  127  7:23  Drone  
  127  7:24  Evolution Chamber  
  127  7:31  Zerg Melee Weapons Level 2  
  127  7:35  Overlord x2  
  126  7:39  Corruptor  
  126  7:40  Corruptor x4, Spore Crawler  
  126  7:44  Corruptor x2  
  134  7:51  Zerg Ground Armor Level 1  
  138  7:52  Corruptor  
  138  7:54  Baneling Nest  
  138  7:55  Drone x3  
  142  8:04  Corruptor x3  
  147  8:10  Drone x3  
  147  8:12  Overlord x2  
  150  8:15  Overlord  
  150  8:16  Overlord x2  
  150  8:19  Corruptor  
  150  8:22  Corruptor  
  154  8:29  Overlord  
  154  8:30  Overlord x2  
  154  8:31  Zerg Flyer Weapons Level 2  
  154  8:34  Corruptor  
  154  8:39  Corruptor x2  
  160  8:43  Corruptor x2  
  160  8:47  Extractor  
  159  8:48  Spore Crawler  
  159  8:49  Extractor  
  159  8:52  Centrifical Hooks  
  156  8:56  Drone x3  
  156  8:59  Corruptor, Spore Crawler  
  156  9:00  Corruptor  
  156  9:02  Zergling x12  
  168  9:08  Zergling x2  
  168  9:12  Zergling x20  
  176  9:18  Corruptor x3  
  176  9:21  Zergling x6  
  183  9:27  Corruptor  
  183  9:28  Corruptor  
  187  9:38  Infestation Pit  
  184  9:40  Zergling x18  
  184  9:41  Zergling x6  
  190  9:46  Zergling x12  
  190  9:47  Baneling  
  190  9:48  Baneling x13  
  190  9:49  Baneling x2  
  190  9:50  Baneling  
  198  9:54  Zergling x4  
  198  9:55  Zergling x2  
  199  10:01  Baneling x12  
  179  10:25  Corruptor x5  
  179  10:28  Zergling x20  
  170  10:38  Corruptor x3  
  170  10:41  Zergling x4  
  176  10:51  Corruptor x3  
  162  11:01  Infestor x2  
  162  11:02  Queen x4, Hatchery  
  165  11:04  Zergling x10  
  169  11:11  Zerg Flyer Armor Level 1  
  169  11:12  Infestor  
  169  11:16  Drone x4  
  174  11:18  Spore Crawler  
  174  11:19  Spore Crawler  
  174  11:20  Spore Crawler  
  174  11:24  Zergling x10  
  171  11:29  Baneling x12  
  171  11:31  Infestor  
  173  11:33  Drone x4  
  177  11:41  Overlord  
  177  11:46  Hive, Corruptor x3  
  172  11:48  Extractor  
  172  11:50  Extractor, Corruptor  
  172  11:53  Drone x3  
  176  11:58  Zergling x4  
  172  12:02  Zergling x2  
  172  12:06  Zergling x8  
  177  12:14  Zergling x2  
  177  12:15  Zergling x6  
  174  12:19  Zergling x4  
  174  12:20  Zergling x6, Spore Crawler  
  174  12:21  Spore Crawler  
  177  12:24  Drone x2  
  177  12:25  Drone x2  
  177  12:29  Corruptor  
  183  12:30  Corruptor  
  183  12:33  Spore Crawler x2  
  183  12:34  Spore Crawler  
  175  12:52  Zergling x32  
  175  12:57  Extractor  
  188  13:00  Viper x3  
  188  13:03  Adrenal Glands  
  195  13:10  Ultralisk Cavern  
  193  13:14  Drone x6  
  193  13:16  Spine Crawler  
  198  13:25  Baneling x13  
  198  13:30  Overseer x3  
  198  13:37  Spore Crawler, Hatchery  
  198  13:40  Zerg Flyer Weapons Level 3  
  196  13:52  Corruptor  
  196  13:53  Corruptor  
  192  14:06  Spine Crawler  
  192  14:07  Spine Crawler  
  190  14:11  Zerg Ground Armor Level 2  
  190  14:12  Zerg Melee Weapons Level 3  
  190  14:16  Chitinous Plating  
  190  14:18  Zergling x20  
  200  14:26  Spore Crawler x2  
  200  14:27  Spore Crawler  
  200  14:28  Baneling x27  
  197  14:31  Drone x2  
  197  14:34  Drone  
  200  14:44  Drone  
  188  15:05  Corruptor x3  
  179  15:07  Ultralisk x3  
  179  15:09  Zergling x4  
  199  15:15  Infestor  
  199  15:16  Infestor x3  
  199  15:22  Baneling x2  
  199  15:28  Neural Parasite  
  199  15:35  Zergling x6, Anabolic Synthesis  
  200  15:38  Overseer x2  
  198  15:44  Zergling x4  
  188  15:58  Zergling x14, Ultralisk  
  184  16:05  Corruptor x11  
  188  16:13  Zergling x2, Ultralisk  
  188  16:14  Zergling x8  
  199  16:22  Zergling x10  
  193  16:27  Corruptor x3  
  197  16:36  Corruptor x5  
  158  16:41  Corruptor  
  158  16:44  Corruptor  
  149  16:50  Corruptor x2  
  141  16:56  Corruptor x2  
  141  17:01  Corruptor x2  
  138  17:08  Ultralisk  
  126  17:19  Ultralisk  
  126  17:21  Ultralisk  
  125  17:29  Ultralisk  
  118  17:44  Ultralisk  
  124  17:54  Ultralisk  
  128  18:09  Drone x4  
  132  18:12  Extractor  
  132  18:13  Extractor, Viper x3  
  139  18:31  Hatchery  
  138  18:34  Infestor x3  
  138  18:39  Drone x2  
  146  18:45  Drone  
  146  18:46  Drone x2  
  149  18:51  Drone  
  149  18:52  Drone x2  
  149  18:53  Hatchery  
  151  19:05  Corruptor x3  
  157  19:16  Corruptor x2  
  161  19:19  Corruptor  
  163  19:27  Corruptor x2  
  165  19:40  Zergling x6  
  165  19:43  Zergling x16  
  175  19:51  Corruptor x2  
  179  19:57  Corruptor  
  179  19:58  Corruptor  
  179  20:02  Zergling x8  
  182  20:19  Queen x3  
  182  20:20  Corruptor x2  
  190  20:33  Spine Crawler  
  189  20:37  Spine Crawler  
  189  20:42  Hatchery  
  183  20:51  Drone x3  
  186  20:57  Baneling  
  186  20:58  Baneling x12  
  186  21:00  Spine Crawler  
  185  21:04  Zerg Flyer Armor Level 2  
  185  21:11  Drone  
  185  21:12  Drone x13, Extractor x2  
  195  21:18  Overseer  
  195  21:23  Spine Crawler  
  195  21:24  Drone x5  
  199  21:25  Spine Crawler  
  199  21:36  Overseer x2  
  199  21:37  Overseer  
  198  21:41  Baneling x3  
  197  22:04  Spore Crawler x2  
  195  22:13  Corruptor x2  
  199  22:21  Hatchery  
  199  22:22  Drone, Spore Crawler  
  199  22:23  Drone  
  199  22:24  Spore Crawler x3  
  199  22:25  Spore Crawler x2  
  194  22:33  Spore Crawler  
  194  22:34  Drone x10  
  199  22:39  Drone x3, Spine Crawler x2  
  200  23:07  Spine Crawler  
  200  23:08  Spine Crawler  
  196  23:18  Corruptor x2  
  200  23:36  Zergling x2  
  200  23:37  Zergling x4  
  200  23:39  Ultralisk x2  
  200  23:51  Zerg Flyer Armor Level 3, Evolution Chamber  
  200  23:54  Evolution Chamber x3  
  196  23:56  Evolution Chamber  
  196  23:57  Evolution Chamber  
  194  24:06  Viper x3  
  200  24:10  Spore Crawler  
  197  24:24  Extractor  
  197  24:28  Extractor, Spire  
  194  24:35  Ultralisk  
  200  24:44  Spine Crawler  
  193  24:46  Spine Crawler, Spore Crawler  
  193  24:47  Spore Crawler, Ultralisk  
  193  24:48  Spine Crawler  
  193  24:51  Drone x5  
  200  25:04  Infestor x3  
  200  25:09  Spine Crawler x2  
  200  25:13  Drone  
  198  25:26  Queen  
  198  25:27  Queen  
  198  25:28  Drone x3  
  167  25:45  Ultralisk x5  
  191  25:50  Zergling x18, Ultralisk  
  191  25:51  Infestor  
  200  26:00  Corruptor x4  
  199  26:31  Overlord x2  
  199  26:32  Overlord  
  181  26:37  Corruptor x8  
  163  26:41  Drone x10  
  163  26:43  Corruptor  
  163  26:45  Zergling x12  
  153  26:49  Queen x4  
  153  26:51  Drone x2  
  153  26:52  Drone x5, Zergling x4  
  163  26:57  Zergling x6  
  164  27:09  Spine Crawler x2  
  164  27:10  Zergling x10  
  164  27:14  Zergling x4  
  169  27:18  Zergling x6  
  169  27:21  Queen  
  169  27:22  Spine Crawler x2, Corruptor x2  
  170  27:24  Queen  
  171  27:38  Viper x2  
  177  27:45  Zergling x18  
  177  27:50  Drone x2  
  188  27:54  Drone  
  188  27:57  Drone  
  189  28:17  Drone  
  189  28:18  Drone x6  
  196  28:22  Overlord  
  196  28:25  Spine Crawler  
  195  28:28  Overlord  
  195  28:38  Spine Crawler  
  195  28:39  Spine Crawler, Overlord  
  191  28:51  Viper x2  
  197  28:56  Baneling x10  
  197  28:57  Baneling  
  191  29:16  Zergling x10  
  189  29:29  Hatchery  
  189  29:31  Baneling x5  
  184  29:42  Overseer x2  
  182  29:55  Ultralisk x2  
  194  30:09  Corruptor x3  
  199  30:26  Baneling x19  
  199  30:31  Overseer  
  197  30:54  Zergling x8, Spore Crawler x3  
  198  31:03  Hatchery  
  197  31:15  Zergling x4  
  151  31:25  Viper  
  151  31:26  Viper x2  
  151  31:28  Zergling x38  
  175  31:33  Overlord x2  
  175  31:38  Zergling x4  
  177  31:43  Zergling x2  
  177  31:44  Zergling x6  
  181  31:52  Ultralisk  
  173  32:04  Ultralisk  
  165  32:08  Zergling x4  
  165  32:09  Zergling x2  
  159  32:29  Zergling x8, Ultralisk  
  156  32:41  Ultralisk  
  161  32:51  Zergling x10  
  160  33:20  Extractor  
  160  33:22  Extractor  
  160  33:25  Corruptor  
  160  33:26  Corruptor  
  151  34:02  Corruptor x3  
  157  34:22  Overseer  
  157  34:34  Zergling x6  
  157  34:37  Spore Crawler  
  157  34:38  Spore Crawler  
  157  34:40  Extractor  
  154  34:46  Corruptor x2  
  158  35:00  Hatchery  
  158  35:01  Extractor  
  158  35:02  Extractor  
  155  35:13  Overseer  
  155  35:14  Overseer  
  153  35:17  Zergling x6  
  153  35:18  Zergling x12  
  160  35:21  Drone x4  
  160  35:25  Drone  
  161  35:44  Ultralisk  
  154  36:20  Ultralisk  
  154  36:21  Zergling x4  
  154  36:24  Overseer  
  154  36:33  Zergling x12  
  160  36:46  Baneling  
  136  37:05  Ultralisk  
  142  37:38  Zergling x6  
  145  37:46  Spore Crawler  
  145  37:48  Zergling x6  
  145  37:49  Spore Crawler  
  146  37:51  Viper  
  149  38:11  Zergling x8  
  139  38:59  Hatchery  
  139  39:01  Viper x2  
  144  39:17  Evolution Chamber  

Tags
 
Add a new tag
Caveats
  • Supply blocks, unpowered buildings, or Contaminate may cause inaccurate times.
  • Supply counts are checked every 10 seconds.